 Dungeon Crawl Stone Soup version 0.31-a0-986-g5e6e4ef867 (webtiles) character file.

Game seed: 16824839807011523507

12 croobank the Sneak (level 2, 0/25 HPs)
             Began as a Demigod Delver on Nov 10, 2023.
             Slain by Natasha (8 damage)
             ... on level 2 of the Dungeon.
             The game lasted 00:02:41 (350 turns).

croobank the Sneak (Demigod Delver)                  Turns: 350, Time: 00:02:41

Health: 0/25       AC:  3    Str: 13    XL:     2   Next: 9%
Magic:  4/4        EV: 12    Int: 12    God:
Gold:   35         SH:  0    Dex: 15    Spells: 1/1 levels left

rFire   . . .        a - +0 short sword
rCold   . . .        (no shield)
rNeg    . . .        b - +0 leather armour
rPois   .            (no helmet)
rElec   .            (no cloak)
rCorr   .            (no gloves)
SInv    .            (no boots)
Will    .....        (no amulet)
Stlth   ++           (no ring)
HPRegen 0.24/turn    (no ring)
MPRegen 0.09/turn

%: no passive effects
@: silenced
A: high MP 1, forlorn, divine attributes
a: no special abilities


You were on level 2 of the Dungeon.
You visited 1 branch of the dungeon, and saw 4 of its levels.

You collected 35 gold pieces.

Inventory:

Hand Weapons
 a - a +0 short sword (weapon)
Armour
 b - a +0 leather armour (worn)
Wands
 g - a wand of digging (3)
Scrolls
 c - 2 scrolls of fog
 i - a scroll of teleportation {unknown}
Potions
 f - a potion of haste


   Skills:
 + Level 2.9 Fighting
 + Level 2.0 Short Blades
 + Level 2.0 Dodging
 + Level 4.6 Stealth


You had one spell level left.
You didn't know any spells.
Your spell library was empty.

Dungeon Overview and Level Annotations

Branches:
Dungeon (5/15)
 Temple: D:4-7

Annotations:
D:2 Natasha, Sigmund


Innate Abilities, Weirdness & Mutations

You have an increased reservoir of magic. (+10% MP)
You shall have no god before yourself.
Your divine heritage dramatically boosts your attributes as you level up.


Message History

Found a scroll labelled UHEERAI XEAN and 5 stones.
There is a stone staircase leading down here.
The frilled lizard hisses angrily.
You feel yourself slow down.
The frilled lizard bites you but does no damage.
You barely miss the frilled lizard. The frilled lizard barely misses you.
You miss the frilled lizard. The frilled lizard barely misses you.
Natasha hisses angrily.
You hit the frilled lizard.
You kill the frilled lizard!
Natasha casts a spell at you. You resist with significant effort.
Natasha casts a spell at you. The magic dart hits you!
You see here a scroll labelled UHEERAI XEAN.
As you read the scroll labelled UHEERAI XEAN, it crumbles to dust.
It is a scroll of amnesia.
You feel forgetful for a moment.
Okay, then.
You completely miss Natasha. Natasha claws you but does no damage.
You hit Natasha but do no damage. Natasha closely misses you.
You hit Natasha.
Natasha is lightly wounded.
Natasha barely misses you.
You miss Natasha.
Natasha is lightly wounded.
Natasha claws you.
As you read the scroll labelled BIVVIT YNGEULE, it crumbles to dust.
A profound silence engulfs you.
It was a scroll of silence.
Natasha barely misses you.
You hit Natasha.
Natasha is moderately wounded.
Natasha claws you.
You barely miss Natasha.
Natasha is moderately wounded.
You hit Natasha.
Natasha is heavily wounded.
Natasha claws you!
You die...
Natasha curls up and begins to purr.

##.# #.. #.# #.#
#.# #.# #.# #.# .#
#.# #.# (# #.# .#
#.# .
#.##.###.##.##.
##@#†..........#
##.h...##...#.#.#.
#........[........
#...>..##.........
#.#.#..###........
#.#.....>.........
#.###..#####.#....
#. #..# # . .....


You could see Natasha.

Vanquished Creatures
  An adder skeleton (D:3)
  A dart slug (D:3)
  2 endoplasms
  A goblin (D:3)
  A kobold (D:4)
  A frilled lizard (D:2)
7 creatures vanquished.

Notes
Turn   | Place    | Note
-------+----------+-------------------------------------------
     0 | D:5      | croobank the Demigod Delver began the quest for the Orb.
     0 | D:5      | Reached XP level 1. HP: 18/18 MP: 3/3
   186 | D:3      | Reached XP level 2. HP: 25/25 MP: 4/4
   201 | D:2      | Noticed Natasha
   271 | D:2      | Noticed Sigmund
   285 | D:2      | HP: 1/25 [something (7)]
   350 | D:2      | Slain by Natasha

Illustrated notes

Levels and vault maps discovered:
D:2:      layout_loops_ring, uniq_sigmund, uniq_natasha, uniq_robin
D:3:      layout_basic, lemuel_zombie_altar_kikubaaqudgha, serial_undead,
          serial_undead_f, serial_undead_b, serial_undead_c, serial_undead_d,
          uniq_grinder
D:4:      old_forge, layout_loops_cross, kennysheep_mini
D:5:      layout_loops_corners, ashenzari_altar_1, mainiacjoe_overflow_alcove_4,
          serial_bayou_pond_a, uniq_blork_the_orc, uniq_pikel,
          uniq_crazy_yiuf_cottage, uniq_prince_ribbit1

Skill      XL: |  1 |
---------------+----+-----
Short Blades   | 2 |  2.0
Dodging        | 2 |  2.0
Fighting       | |  2.9
Stealth        | |  4.6

Action                     || total
---------------------------++-------
  Melee: Short sword       ||    42
    Use: Scroll            ||     4
         Potion            ||     4
   Stab: Sleeping          ||     1
 Armour: Leather armour    ||    25
  Dodge: Dodged            ||    17

Table legend: (Time is in decaauts)
 A = Elapsed time spent in this place.
 B = Non-inter-level travel time spent in this place.
 C = Inter-level travel time spent in this place.
 D = Time resting spent in this place.
 E = Time spent auto-exploring this place.
 F = Levels seen in this place.
 G = Mean time per level.
                   A        B        C        D        E       F      G
               +--------+--------+--------+--------+--------+-----+--------+
         Total |    327 |    327 |      0 |     44 |     73 |   4 |   81.8 |
       Dungeon |    327 |    327 |      0 |     44 |     73 |   4 |   81.8 |
               +--------+--------+--------+--------+--------+-----+--------+

Top non-repeatable levels by time:
     D:3: 164 daAuts
     D:5: 76 daAuts
     D:2: 46 daAuts
     D:4: 40 daAuts
